 Dungeon Crawl Stone Soup version 0.27.0-1-g7a089689b8 (webtiles) character file.

Game seed: 14993233481459505386

168 ara8ara the Magician (level 5, -4/35 HPs)
             Began as a Djinni Fire Elementalist on Aug 9, 2021.
             Slain by an iron imp (10 damage)
             ... summoned by Eustachio
             ... on level 4 of the Dungeon.
             The game lasted 00:29:11 (4552 turns).

ara8ara the Magician (Djinni Fire Elementalist)     Turns: 4552, Time: 00:29:11

Health: -4/35      AC:  3    Str:  7    XL:     5   Next: 78%
Gold:   137        EV: 12    Int: 18    God:
                   SH:  0    Dex: 13

rFire    + + .     SeeInvis .   r - +1 dagger (drain)
rCold    x . .     Faith    .   (no shield)
rNeg     . . .     Spirit   .   a - +0 robe
rPois    ∞         Reflect  .   n - +0 helmet
rElec    .         Harm     .   (no cloak)
rCorr    .         Rampage  .   (no gloves)
Will     .....                  (boots unavailable)
Stlth    ++........             (no amulet)
HPRegen  0.11/turn              (no ring)
MPRegen  0.00/turn              (no ring)

@: flying, very slightly contaminated
A: sickness immunity, fire resistance 2, cold vulnerability 1, float, innate
caster, hp casting, extra vitality 1
a: no special abilities


You were on level 4 of the Dungeon.
You visited 1 branch of the dungeon, and saw 4 of its levels.

You collected 137 gold pieces.

Inventory:

Hand Weapons
 r - a +1 dagger of draining (weapon)
Armour
 a - a +0 robe (worn)
 d - a +0 buckler
 n - a +0 helmet (worn)
Magical Staves
 c - a staff of earth
Jewellery
 b - a +6 ring of intelligence
Wands
 j - a wand of iceblast (7)
Scrolls
 e - 2 scrolls of identify {unknown}
 k - a scroll of fog {unknown}
 l - a scroll of torment {unknown}
 p - a scroll of magic mapping {unknown}
 q - a scroll of vulnerability {unknown}
Potions
 f - a potion of mutation {unknown}
 i - 2 potions of curing {unknown}
 m - a potion of magic {unknown}
 o - a potion of ambrosia {unknown}


   Skills:
 + Level 2.6 Dodging
 + Level 2.4 Stealth
 + Level 4.2 Spellcasting


You couldn't memorise any spells.
You knew the following spells:

 Your Spells              Type           Power      Damage    Failure   Level
a - Foxfire               Conj/Fire      72%        2x1d7     2%          1
b - Conjure Flame         Conj/Fire      18%        6-21      8%          3
c - Inner Flame           Hex/Fire       18%        N/A       8%          3
d - Sticky Flame          Conj/Fire      18%        2d4       26%         4
e - Fireball              Conj/Fire      9%         3d6       56%         5
f - Sting                 Tmut/Pois      72%        1d6       2%          1
g - Call Imp              Summ           18%        N/A       3%          2
Your spell library was empty.

Dungeon Overview and Level Annotations

Branches:
Dungeon (4/15)
 Temple: D:4-7

Altars:
Fedhas

Shops:
D:2 =

Annotations:
D:4 Eustachio


Innate Abilities, Weirdness & Mutations

You are immune to sickness and miasma.
You are immune to poison.
Your flesh is very heat resistant. (rF++)
You are vulnerable to cold. (rC-)
You float through the air rather than walking.
You learn spells naturally, not from books.
Your magical power is your life essence.
You have superior vitality. (+4 HP)


Message History

Eustachio is moderately wounded.
Eustachio casts a spell.
Your white imp gestures at Eustachio.
The puff of frost hits Eustachio.
Casting: Foxfire (safe; 2% risk of failure)
Confirm with . or Enter, or press ? or * to list all spells.
You conjure some foxfire!
Eustachio hits your white imp with a +0 falchion.
Your white imp hits Eustachio.
Your white imp freezes Eustachio.
Your foxfire dissipates!
The foxfire hits the iron imp but does no damage.
The ufetubus hits your white imp. x2
Your white imp dies!
Eustachio hits your shadow imp with a +0 falchion!
The ufetubus hits your shadow imp.
The ufetubus hits your shadow imp but does no damage.
The crimson imp blinks!
Your shadow imp hits Eustachio.
The ufetubus hits your shadow imp.
Your shadow imp dies!
Casting: Foxfire (safe; 2% risk of failure)
Confirm with . or Enter, or press ? or * to list all spells.
The spell is potentially lethal to cast (56% risk of failure)!
Continue anyway? [Y]es or [N]o only, please.
The spell is potentially lethal to cast (56% risk of failure)!
Continue anyway?
Aiming: Fireball (potentially lethal; 56% risk of failure)
Press: ? - help, Shift-Dir - straight line You miscast Fireball.
You are very lightly contaminated with residual magic.
The air around you crackles with energy!!
Ouch! That really hurt!
* * * LOW HITPOINT WARNING * * *
x2 The iguana hisses angrily.
Eustachio casts a spell.
The orc priest shouts!
You hear a shout!
An orc wizard comes into view. It is wielding a +0 dagger.
An orc comes into view. It is wielding a +0 dagger.
There is a stone staircase leading up here.
The orc wizard shouts!
You hear a shout!
The bat barely misses you. The iron imp hits you!
You die...

. o.#.#####
o.......#
#.###@# #...b5#
##.####.5#####.#
...............#
######.@#######
#.l########
#.........#
#..######.# #..#


You could see Eustachio, an iguana, an iron imp (summoned), an orc wizard, an
orc, an ufetubus (summoned) and a bat (summoned).

Vanquished Creatures
  Jessica (D:3)
  Robin (D:3)
  3 gnolls
  3 adders (D:3)
  2 dart slugs (D:1)
  6 bats
  6 endoplasms
  2 giant cockroaches
  13 goblins
  11 hobgoblins
  4 quokkas
  4 ball pythons
  2 frilled lizards (D:1)
  9 kobolds
  2 rats (D:1)
69 creatures vanquished.

Vanquished Creatures (collateral kills)
  A goblin (D:3)
1 creature vanquished.

Vanquished Creatures (others)
  198 foxfires
198 creatures vanquished.

Grand Total: 268 creatures vanquished

Notes
Turn   | Place    | Note
-------+----------+-------------------------------------------
     0 | D:1      | ara8ara the Djinni Fire Elementalist began the quest for
                  | the Orb.
     0 | D:1      | Reached XP level 1. HP: 15/15 MP: 0/0
   152 | D:1      | Reached XP level 2. HP: 9/21 MP: 0/0
   759 | D:1      | Reached skill level 3 in Spellcasting
   808 | D:1      | Reached XP level 3. HP: 20/25 MP: 0/0
   808 | D:1      | Learned a level 1 spell: Sting
  2120 | D:2      | Found Cix Etuvve's Jewellery Boutique.
  2121 | D:2      | Reached XP level 4. HP: 19/31 MP: 0/0
  2132 | D:2      | Found a blossoming altar of Fedhas.
  2520 | D:2      | Found a faded altar of an unknown god.
  3193 | D:3      | Reached XP level 5. HP: 17/35 MP: 0/0
  3193 | D:3      | Learned a level 2 spell: Call Imp
  3273 | D:3      | Noticed Robin
  3295 | D:3      | Killed Robin
  3617 | D:3      | Noticed Jessica
  3641 | D:3      | Killed Jessica
  3642 | D:3      | Reached skill level 4 in Spellcasting
  4535 | D:4      | Noticed Eustachio
  4552 | D:4      | Slain by an iron imp

Illustrated notes

Levels and vault maps discovered:
D:1:      amcnicky_arrival_single_pillar, layout_loops_corners
D:2:      layout_rooms, basic_altar, serial_shops, nicolae_shop_stone,
          shapermc_ecumenical_altar_pompeii
D:3:      layout_basic, uniq_robin, uniq_jessica
D:4:      layout_loops_ring, kennysheep_mini_moat,
          mainiacjoe_overflow_concentric_impassable, uniq_crazy_yiuf_cottage,
          uniq_natasha, uniq_eustachio

Skill      XL: |  1  2  3  4  5 |
---------------+----------------+-----
Spellcasting   | 3 4 |  4.2
Stealth        | 2 |  2.4
Dodging        | |  2.6

Action                   |  1- 3 |  4- 6 || total
-------------------------+-------+-------++-------
 Cast: Foxfire           |    63 |    98 ||   161
       Conjure Flame     |       |     2 ||     2
       Call Imp          |       |     8 ||     8
       Sting             |       |     1 ||     1
Armor: Robe              |     5 |     1 ||     6
Dodge: Dodged            |     9 |     8 ||    17
